 Dungeon Crawl Stone Soup version 0.24.0-28-g17ded55e90 (webtiles) character file.

Game seed: 6412402133177814526, levelgen mode: deterministic

76139 Delamore the Executioner (level 15, 0/138 HPs)
             Began as a Hill Orc Fighter on Nov 12, 2019.
             Was the Champion of Okawaru.
             Slain by Azrael
             ... wielding a +2 scimitar of flaming
              (9 damage)
             ... on level 13 of the Dungeon.
             The game lasted 00:56:08 (21522 turns).

Delamore the Executioner (Hill Orc Fighter)        Turns: 21522, Time: 00:56:09

Health: 0/138      AC: 30    Str: 34    XL:     15   Next: 52%
Magic:  15/15      EV:  7    Int:  8    God:    Okawaru [******]
Gold:   1209       SH:  4    Dex:  8    Spells: 14/14 levels left

rFire    . . .     SeeInvis .   a - +2 executioner's axe (flame)
rCold    . . .     Gourm    .   (shield currently unavailable)
rNeg     . . .     Faith    .   x - +0 crystal plate armour
rPois    .         Spirit   .   M - +1 helmet
rElec    +         Reflect  +   c - scarf {cloud immunity}
rCorr    +         Harm     .   m - +0 pair of gloves {Str+3}
MR       ++...                  j - +1 pair of boots of Yrosh {Regen+ rCorr Str+5 Dex-2}
Stlth    ..........             t - +4 amulet of reflection
HPRegen  0.73/turn              w - +4 ring of slaying
MPRegen  0.14/turn              l - ring of protection from magic

@: no status effects
A: talons 1, icy blue scales 1, electricity resistance, wild magic 1
a: Heroism, Finesse, Renounce Religion


You were on level 13 of the Dungeon.
You worshipped Okawaru.
Okawaru was exalted by your worship.
You were hungry.

You visited 2 branches of the dungeon, and saw 19 of its levels.
You also visited: Bailey and Volcano.

You collected 1209 gold pieces.

Inventory:

Hand Weapons
 a - a +2 executioner's axe of flaming (weapon)
 S - the +8 war axe of Tainkuror {drain, rN+ SInv}
   (Okawaru gifted it to you on level 10 of the Dungeon)

   A truly terrible weapon, it drains the life of those it strikes.
   It protects you from negative energy.
   It lets you see invisible.
Missiles
 z - 7 atropa-tipped darts (quivered)
 G - 3 curare-tipped darts
Armour
 c - a scarf of cloud immunity (worn)
 j - the +1 pair of boots of Yrosh (worn) {Regen+ rCorr Str+5 Dex-2}
   (Okawaru gifted it to you on level 1 of the Lair of Beasts)

   It affects your strength (+5).
   It affects your dexterity (-2).
   It increases your rate of regeneration.
   It provides partial protection from all sources of acid and corrosion.
 m - a +0 pair of gloves of strength (worn)
 x - a +0 crystal plate armour (worn)
 J - the +6 acid dragon scales of Gestures {*Corrode rC++ rCorr Dex+2 SInv}
   (Okawaru gifted it to you on level 6 of the Lair of Beasts)

   It affects your dexterity (+2).
   It greatly protects you from cold.
   It lets you see invisible.
   It provides partial protection from all sources of acid and corrosion.
   It may corrode you when you take damage.
 M - a +1 helmet (worn)
 U - a +1 plate armour of fire resistance
Jewellery
 e - an uncursed ring of poison resistance
 l - a ring of protection from magic (right hand)
 o - an uncursed amulet of guardian spirit
 t - a +4 amulet of reflection (around neck)
 w - a +4 ring of slaying (left hand)
 E - an uncursed ring of protection from cold
 I - an uncursed ring of positive energy {unknown}
 L - a +2 ring of protection
 O - an uncursed ring of flight
Wands
 h - a wand of random effects (58)
 r - a wand of disintegration (12)
 u - a wand of digging (14)
 C - a wand of polymorph (6)
 K - a wand of paralysis (12)
Scrolls
 s - 5 scrolls of enchant weapon
 v - a scroll of summoning
 y - a scroll of magic mapping
 A - 2 scrolls of amnesia
 B - 5 scrolls of vulnerability
 D - 2 scrolls of blinking
 N - 5 scrolls of teleportation
 R - 3 scrolls of enchant armour
 T - 2 scrolls of identify
 W - 10 scrolls of remove curse
Potions
 b - 3 potions of magic
 d - 6 potions of might
 g - 2 potions of agility
 i - a potion of flight
 k - 8 potions of curing
 n - 6 potions of degeneration
 p - a potion of ambrosia
 q - 4 potions of brilliance
 F - a potion of invisibility
 H - 2 potions of cancellation
 Q - a potion of berserk rage
 X - 2 potions of resistance
 Y - 2 potions of haste
Miscellaneous
 V - a phial of floods (inert)
Comestibles
 f - 35 rations
 Z - 7 chunks of flesh


   Skills:
 + Level 14.2 Fighting
 * Level 23.9 Axes
 + Level 12.5 Armour
   Level 3.2 Shields


You had 14 spell levels left.
You didn't know any spells.
Your spell library contained the following spells:

 Spells                   Type           Power        Failure   Level  Hunger
 Animate Skeleton         Necr           N/A          100%        1    ##.....
 Apportation              Tloc           #.....       100%        1    ##.....
 Confusing Touch          Hex            #.....       100%        1    ##.....
 Sandblast                Erth           #.....       100%        1    ##.....
 Sting                    Conj/Pois      #...         100%        1    ##.....
 Summon Small Mammal      Summ           #...         100%        1    ##.....
 Blink                    Tloc           N/A          100%        2    ###....
 Passwall                 Tmut/Erth      #.......     100%        2    ###....
 Poisonous Vapours        Pois/Air       #.....       100%        2    ###....
 Shroud of Golubria       Chrm/Tloc      #.....       100%        2    ###....
 Gell's Gravitas          Tloc           #.........   100%        3    ####...
 Lesser Beckoning         Tloc           #.........   100%        3    ####...
 Mephitic Cloud           Conj/Pois/Air  #.......     100%        3    ####...
 Stone Arrow              Conj/Erth      #.....       100%        3    ####...
 Teleport Other           Tloc           #.......     100%        3    ####...
 Olgreb's Toxic Radiance  Pois           #.......     100%        4    #####..
 Passage of Golubria      Tloc           N/A          100%        4    #####..
 Petrify                  Tmut/Erth      #.......     100%        4    #####..
 Lee's Rapid Deconstruct  Erth           #.........   100%        5    ######.
 Venom Bolt               Conj/Pois      #.........   100%        5    ######.


Dungeon Overview and Level Annotations

Branches:
Dungeon (13/15)            Temple (0/1) D:7            Lair (6/6) D:10
  Swamp (0/4) Lair:2        Snake (0/4) Lair:2        Slime (0/5) Lair:5
    Orc (0/2) D:11         Bailey (visited)         Volcano (visited)
 Vaults: D:13-14

Altars:
Cheibriados
Makhleb
Okawaru
Xom
The Shining One

Shops:
D:11 [

Annotations:
D:13 Azrael, Maurice


Innate Abilities, Weirdness & Mutations

You have sharp toenails.
You are partially covered in icy blue scales. (AC +2)
You are resistant to electric shocks. (rElec)
Your spells are a little harder to cast, but a little more powerful.


Message History

Aim the phial where?
Press: ? - help, Shift-Dir - straight line The torrent of water hits the fire elemental!
The fire elemental is moderately damaged.
The wave splashes down.
The water rises up and takes form.
Evoke which item? (* to show all) (? for menu, Esc to quit)
You open the lid... ...and a larval fireshock beast leaps out!
The now-empty box falls apart.
The fire elemental hits you. The fire elemental burns you!
* * * LOW HITPOINT WARNING * * *
The shadow hits your water elemental!
Your water elemental is engulfed in blazing flames.
Your water elemental hits the shadow!
The fire elemental barely misses you.
You slice Azrael!!
Azrael is severely wounded.
You slash the fire elemental!
An efreet comes into view.
It is wielding a +1 scimitar of flaming.
Azrael hits you with a +2 scimitar of flaming!
You die...

#######...# #.........###
.####............
.................
.................
........○......°°
......○☼..@....☼○
#############R.....°°○°
#....H.@E§○EW@#++###..○
#.......R≈≈.#.#
#>..........#.#
#...........#.#
#...........'.#
#...))).....#.# ...
#...........#.######....
.######'##...#...........
.........#...#...........


You could see Azrael, Maurice, an efreet, a fire elemental, a shadow, a friendly
larval fireshock beast and a friendly water elemental.

Vanquished Creatures
  Gastronok (Lair:3)
  An orc warlord (Bailey)
  Fannar (Lair:2)
  Harold (Lair:2)
  4 hydras
  2 catoblepae (Lair:5)
  A centaur warrior (D:13)
  5 death yaks
  4 two-headed ogres
  Urug (Lair:3)
  A fire crab (Volcano)
  2 unseen horrors
  A lindwurm (Volcano)
  5 oklob plants (Lair:6)
  A manticore (D:11)
  Psyche (D:12)
  Joseph (D:7)
  A torpor snail (Lair:4)
  4 black mambas
  18 spiny frogs
  An ice statue (D:11)
  6 komodo dragons
  A queen bee (Lair:4)
  3 meliai (Lair:4)
  6 hippogriffs
  A hornet (D:11)
  5 tyrant leeches (Lair:6)
  6 dream sheep (Lair:6)
  19 blink frogs
  A spriggan (D:9)
  A vampire (D:12)
  4 basilisks
  31 yaks
  3 wyverns
  3 fire elementals (D:13)
  7 fire bats (Volcano)
  2 hungry ghosts
  6 vampire mosquitoes (Lair:6)
  3 steam dragons (Volcano)
  2 swamp worms (Lair:2)
  4 hell hounds
  9 porcupines
  12 water moccasins
  3 ice beasts
  5 sky beasts
  4 black bears
  7 orc warriors
  4 ogres
  An eye of draining (D:10)
  5 centaurs
  A necrophage (D:11)
  10 crocodiles
  39 wolves
  19 bullfrogs
  A gnoll sergeant (D:8)
  A wyvern skeleton (D:7)
  5 scorpions
  A water moccasin skeleton (D:4)
  37 killer bees
  7 wights
  5 howler monkeys
  2 electric eels (Lair:2)
  5 crimson imps
  A quasit (D:9)
  A bullfrog zombie (D:8)
  4 jellies
  2 centaur zombies (D:5)
  5 hounds
  2 centaur skeletons
  6 orc wizards
  3 orc priests
  2 bullfrog skeletons
  An iron imp (D:9)
  Jessica (D:2)
  Terence (D:2)
  3 iguanas
  8 worker ants
  A hound skeleton (D:5)
  8 gnolls
  A worker ant zombie (D:9)
  7 adders
  2 shadow imps
  3 oozes
  An adder skeleton (D:4)
  An adder zombie (D:9)
  7 worms
  A dart slug (D:3)
  7 leopard geckos
  45 orcs
  8 giant cockroaches
  16 goblins
  11 hobgoblins
  9 jackals
  23 kobolds
  4 quokkas
  4 ball pythons
  A ball python zombie (D:5)
  11 bats
  5 frilled lizards
  2 jackal skeletons (D:4)
  2 rats
  5 fungi
  13 plants
592 creatures vanquished.

Vanquished Creatures (others)
  13 fungi
  44 plants
57 creatures vanquished.

Grand Total: 649 creatures vanquished

Notes
Turn   | Place    | Note
-------+----------+-------------------------------------------
     0 | D:1      | Delamore the Hill Orc Fighter began the quest for the Orb.
     0 | D:1      | Reached XP level 1. HP: 19/19 MP: 1/1
    99 | D:1      | Reached skill level 3 in Axes
   108 | D:1      | Reached XP level 2. HP: 13/26 MP: 2/2
   316 | D:1      | Reached skill level 4 in Axes
   456 | D:1      | Reached XP level 3. HP: 21/31 MP: 3/3
   667 | D:1      | Reached skill level 5 in Axes
   924 | D:2      | Noticed Terence
   945 | D:2      | Killed Terence
   945 | D:2      | Reached skill level 6 in Axes
   945 | D:2      | Reached XP level 4. HP: 19/39 MP: 4/4
  1370 | D:2      | Noticed Jessica
  1402 | D:2      | Killed Jessica
  1402 | D:2      | Reached XP level 5. HP: 39/45 MP: 5/5
  1903 | D:3      | Reached skill level 7 in Axes
  2246 | D:3      | Found a faded altar of an unknown god.
  2273 | D:3      | Reached skill level 8 in Axes
  2273 | D:3      | Reached XP level 6. HP: 22/51 MP: 6/6
  3092 | D:4      | Found an iron altar of Okawaru.
  3102 | D:4      | Became a worshipper of Warmaster Okawaru
  3212 | D:4      | Reached skill level 9 in Axes
  3214 | D:4      | Reached XP level 7. HP: 49/57 MP: 7/7
  3251 | D:3      | Reached skill level 10 in Axes
  3905 | D:5      | Entered Level 5 of the Dungeon
  4298 | D:5      | Reached * piety under Okawaru
  4475 | D:5      | Reached skill level 11 in Axes
  4944 | D:5      | Reached XP level 8. HP: 60/64 MP: 8/8
  5444 | D:6      | Found a glowing golden altar of the Shining One.
  5497 | D:6      | Reached skill level 12 in Axes
  5684 | D:6      | Found a shimmering altar of Xom.
  5703 | D:6      | Reached ** piety under Okawaru
  5871 | D:6      | Reached skill level 13 in Axes
  6906 | D:6      | Reached skill level 14 in Axes
  6906 | D:6      | Reached XP level 9. HP: 43/70 MP: 9/9
  7115 | D:6      | Gained mutation: You are partially covered in icy blue
                  | scales. (AC +2) [potion of mutation]
  7115 | D:6      | Gained mutation: You are weak. (Str -2) [potion of
                  | mutation]
  7115 | D:6      | Gained mutation: Your mind is acute. (Int +2) [potion of
                  | mutation]
  7325 | D:6      | Reached *** piety under Okawaru
  7451 | D:7      | Noticed Joseph
  7767 | D:6      | Reached skill level 15 in Axes
  7983 | D:7      | Identified the +1 buckler of Spite {rF+}
  8364 | D:7      | Reached skill level 16 in Axes
  8523 | D:7      | Found a staircase to the Ecumenical Temple.
  8622 | D:7      | Killed Joseph
  8622 | D:7      | Reached **** piety under Okawaru
  8622 | D:7      | Reached skill level 5 in Fighting
  8622 | D:7      | Reached XP level 10. HP: 17/81 MP: 10/10
  9439 | D:8      | Found a flagged portal.
  9468 | Bailey   | Entered a bailey
  9526 | Bailey   | Noticed an orc warlord
  9742 | Bailey   | Received a gift from Okawaru
  9933 | Bailey   | Found a runed translucent gate.
  9933 | Bailey   | Found a runed translucent gate.
  9933 | Bailey   | Found a runed translucent gate.
 10512 | Bailey   | Killed an orc warlord
 10512 | Bailey   | Reached ***** piety under Okawaru
 10512 | Bailey   | Reached skill level 5 in Armour
 10553 | Bailey   | Got an opalescent robe
 10649 | D:8      | Identified the cursed +0 robe of the Fife {+Fly MR- Regen+
                  | SInv} (You found it in a bailey)
 10649 | D:8      | Identified a scroll of acquirement
 11473 | D:9      | Reached skill level 17 in Axes
 11568 | D:9      | Reached XP level 11. HP: 74/94 MP: 11/11
 11708 | D:9      | Reached skill level 18 in Axes
 11931 | D:9      | Found a snail-covered altar of Cheibriados.
 11990 | D:10     | Entered Level 10 of the Dungeon
 12196 | D:10     | Noticed a two-headed ogre
 12205 | D:10     | Killed a two-headed ogre
 12230 | D:10     | Reached ****** piety under Okawaru
 12522 | D:10     | Found a burning altar of Makhleb.
 12529 | D:10     | Noticed a two-headed ogre
 12543 | D:10     | Killed a two-headed ogre
 12543 | D:10     | Received a gift from Okawaru
 12551 | D:10     | Got a smoking war axe {god gift}
 12553 | D:10     | Identified the +8 war axe of Tainkuror {drain, rN+ SInv}
                  | (Okawaru gifted it to you on level 10 of the Dungeon)
 12748 | D:10     | Found a staircase to the Lair.
 13114 | Lair:1   | Entered Level 1 of the Lair of Beasts
 13244 | Lair:1   | Reached skill level 19 in Axes
 13651 | Lair:1   | Received a gift from Okawaru
 13652 | Lair:1   | Got a pair of jewelled boots {god gift}
 13659 | Lair:1   | Identified the +1 pair of boots of Yrosh {Regen+ rCorr
                  | Str+5 Dex-2} (Okawaru gifted it to you on level 1 of the
                  | Lair of Beasts)
 14054 | Lair:2   | Noticed Fannar
 14078 | Lair:2   | Killed Fannar
 14078 | Lair:2   | Reached XP level 12. HP: 83/105 MP: 12/12
 14285 | Lair:2   | Noticed Harold
 14304 | Lair:2   | Killed Harold
 14344 | Lair:2   | Found a staircase to the Snake Pit.
 14617 | Lair:2   | Reached skill level 10 in Fighting
 14619 | Lair:2   | Found a staircase to the Swamp.
 14936 | Lair:3   | Reached skill level 20 in Axes
 14977 | Lair:3   | Noticed Gastronok
 14996 | Lair:3   | Killed Gastronok
 14999 | Lair:3   | Received a gift from Okawaru
 15007 | Lair:3   | Noticed a six-headed hydra
 15022 | Lair:3   | Noticed Urug
 15357 | Lair:3   | Killed Urug
 15683 | Lair:3   | Killed a one-headed hydra
 15736 | Lair:4   | Noticed a death yak
 15741 | Lair:4   | Reached XP level 13. HP: 103/116 MP: 13/13
 16101 | Lair:4   | Reached skill level 21 in Axes
 16447 | Lair:4   | Reached skill level 10 in Armour
 16447 | Lair:4   | Reached XP level 14. HP: 126/126 MP: 14/14
 17197 | Lair:5   | Reached skill level 22 in Axes
 17532 | Lair:5   | Found a staircase to the Slime Pits.
 17826 | Lair:6   | Entered Level 6 of the Lair of Beasts
 17956 | Lair:6   | Found a dark tunnel.
 17977 | Volcano  | Entered a volcano
 18311 | Lair:6   | Received a gift from Okawaru
 18526 | Lair:6   | Got transparent acid dragon scales {god gift}
 18542 | Lair:6   | Identified the +6 acid dragon scales of Gestures {*Corrode
                  | rC++ rCorr Dex+2 SInv} (Okawaru gifted it to you on level 6
                  | of the Lair of Beasts)
 18594 | Lair:6   | Reached skill level 23 in Axes
 18666 | Lair:6   | Reached XP level 15. HP: 136/136 MP: 15/15
 19919 | D:11     | Found Hod Ack's Armour Boutique.
 19919 | D:11     | Found a staircase to the Orcish Mines.
 19922 | D:11     | Paralysed by a hornet for 3 turns
 19947 | D:11     | Lost mutation: You are weak. (Str -2) [potion of mutation]
 19947 | D:11     | Lost mutation: Your mind is acute. (Int +2) [potion of
                  | mutation]
 19947 | D:11     | Gained mutation: You are covered in fur. (AC +1) [potion of
                  | mutation]
 19948 | D:11     | Lost mutation: You are partially covered in icy blue
                  | scales. (AC +2) [potion of mutation]
 19948 | D:11     | Lost mutation: You are covered in fur. (AC +1) [potion of
                  | mutation]
 19948 | D:11     | Gained mutation: Your spells are a little harder to cast,
                  | but a little more powerful. [potion of mutation]
 19948 | D:11     | Gained mutation: You have sharp toenails. [potion of
                  | mutation]
 19948 | D:11     | Gained mutation: You are resistant to electric shocks.
                  | (rElec) [potion of mutation]
 19948 | D:11     | Gained mutation: You are partially covered in icy blue
                  | scales. (AC +2) [potion of mutation]
 20267 | D:11     | Received a gift from Okawaru
 20820 | D:12     | Noticed Psyche
 20826 | D:12     | Killed Psyche
 21497 | D:13     | Noticed Azrael
 21513 | D:13     | Noticed Maurice
 21522 | D:13     | Slain by Azrael

Levels and vault maps discovered:
D:1:      wheals_arrival_linesprint, layout_loops_ring, minmay_pentomino_u4
D:2:      layout_loops_ring, uniq_jessica, uniq_terence
D:3:      layout_loops_ring, first_ration, chequers_ecumenical_altar_island
D:4:      layout_basic, okawaru_ov_weapons_minmay
D:5:      layout_loops_ring
D:6:      kennysheep_six_static_rooms, layout_basic,
          nicolae_overflow_crystal_walls, tso_metal_star
D:7:      layout_basic, minmay_temple_entry_enclosed_plants,
          minmay_chambers_of_fives, uniq_joseph
D:8:      layout_gridville, enter_bailey_3
D:9:      layout_big_octagon, the_bakery, kennysheep_cross_bottleneck,
          chei_slow_surprise
D:10:     layout_gridville, lair_entry_dummy, basic_altar
D:11:     layout_rooms, orc_david_3, minivault_15
D:12:     layout_stronghold, uniq_psyche
D:13:     layout_irregular_city, uniq_snorg, uniq_maurice, uniq_azrael
Lair:1:   layout_chaotic_city, serial_bayou_shore_a
Lair:2:   layout_roguey, nicolae_swamp_entry_splash_gauntlet,
          beast_lair_carwin_6, lemuel_fruit_tree, infiniplex_staircase_pool,
          uniq_fannar, uniq_harold
Lair:3:   layout_concentric_octagons, uniq_urug, uniq_gastronok
Lair:4:   layout_cave_pods, special_room [special_room_bee],
          chequers_serial_rivers_large_b, grunt_forest_large_clearings
Lair:5:   layout_hall_layers, dpeg_slime_entry_corner, grunt_megastairs_1
Lair:6:   minmay_lair_end_frog_pond, layout_small_grid, enter_volcano_3,
          minmay_lair_oklob_chamber

Skill      XL: |  1  2  3  4  5  6  7  8  9 10 11 12 13 14 15 |
---------------+----------------------------------------------+-----
Axes           | 3 4 6 8 9 11 14 16 17 19 20 21 23 | 23.9
Fighting       | 5 7 9 11 12 13 14 | 14.2
Armour         | 4 5 7 9 10 11 12 | 12.5
Shields        | |  3.2

Action                   |  1- 3 |  4- 6 |  7- 9 | 10-12 | 13-15 || total
-------------------------+-------+-------+-------+-------+-------++-------
Melee: War axe           |   118 |   221 |   389 |   341 |   222 ||  1291
       Hand axe          |       |       |       |   141 |       ||   141
       Executioner's axe |       |       |       |   115 |   278 ||   393
Throw: Javelin           |       |     8 |     1 |       |       ||     9
       Dart              |       |       |     7 |     8 |       ||    15
       Boomerang         |       |       |       |    11 |       ||    11
 Abil: Evoke Flight      |       |       |       |       |     1 ||     1
Evoke: Wand              |       |       |       |     5 |       ||     5
       Box of beasts     |       |       |       |       |     1 ||     1
       Phial of floods   |       |       |       |       |     1 ||     1
  Use: Scroll            |     2 |       |    11 |    13 |     8 ||    34
       Potion            |       |       |    10 |     3 |     4 ||    17
  Eat: Chunk             |       |     7 |    14 |    15 |    13 ||    49
       Ration            |       |       |     2 |     4 |     2 ||     8
Armor: Scale mail        |    56 |       |       |       |       ||    56
       Leather armour    |    16 |    67 |   116 |    68 |       ||   267
       Skin              |       |       |     2 |       |       ||     2
       Crystal plate arm |       |       |       |   289 |   496 ||   785
       Plate armour      |       |       |       |       |    34 ||    34
       Acid dragon scale |       |       |       |       |     8 ||     8
Dodge: Dodged            |    32 |    86 |   114 |   125 |   212 ||   569
Block: Shield            |    71 |   110 |   178 |   127 |       ||   486
       Other             |       |       |       |       |    13 ||    13
